Map: White Rabbit LE

Players

ShoWTimE - Winner!

  • Race: Protoss Protoss
  • League: Master
  • Spawn Location: 1:00

HeroMarine

  • Race: Terran Terran
  • Spawn Location: 7:00

VOD

Have the link to the VOD?

Description

Time

  • Played on: Feb. 1, 2026, 11:16 a.m.
  • Length: 16:17
Show
View Real Time Build Order
Export as new Build Order

ShoWTimE Protoss - Winner!

Build Orders: 1 Gate Expand, Phoenix Opening, Blink Stalkers 

Get SALT Encoding   

  12  0:00  Probe  
  13  0:12  Probe  
  14  0:16  Pylon  
  14  0:24  Probe  
  15  0:32  Probe  
  15  0:35  Gateway  
  15  0:40  Probe  
  16  0:46  Assimilator  
  17  0:50  Probe  
  18  1:03  Probe  
  19  1:15  Probe  
  20  1:22  Cybernetics Core  
  20  1:29  Nexus  
  20  1:33  Probe  
  20  1:39  Pylon  
  21  1:45  Probe  
  21  1:46  Assimilator  
  22  1:48  Adept  
  22  1:57  Probe  
  22  2:00  Warp Gate  
  25  2:08  Adept  
  25  2:09  Probe  
  26  2:21  Probe  
  29  2:26  Twilight Council  
  29  2:33  Probe  
  30  2:38  Stalker  
  30  2:42  Probe  
  30  2:44  Blink  
  33  2:45  Probe  
  34  2:52  Probe  
  34  2:57  Probe, Gateway  
  36  3:00  Probe  
  37  3:08  Probe  
  37  3:09  Probe  
  39  3:20  Phoenix  
  39  3:21  Sentry, Probe  
  39  3:24  Pylon, Probe  
  43  3:34  Probe  
  44  3:36  Probe  
  45  3:41  Nexus  
  45  3:47  Pylon  
  45  3:49  Probe  
  45  3:52  Stalker  
  45  3:54  Stalker  
  50  3:57  Shield Battery  
  50  3:59  Probe  
  50  4:01  Probe  
  52  4:07  Robotics Facility  
  52  4:11  Probe  
  52  4:14  Probe  
  54  4:17  Stalker  
  54  4:19  Stalker  
  54  4:22  Pylon  
  54  4:23  Probe  
  59  4:27  Probe, Phoenix  
  59  4:35  Probe  
  60  4:43  Stalker x2  
  58  4:49  Probe  
  58  4:50  Probe  
  58  4:53  Assimilator  
  58  4:55  Assimilator  
  58  4:56  Probe  
  59  5:00  Gateway x2  
  59  5:01  Probe  
  59  5:03  Observer, Charge  
  59  5:06  Probe  
  62  5:09  Probe  
  62  5:13  Probe  
  64  5:16  Forge  
  64  5:18  Shield Battery, Probe  
  65  5:21  Probe  
  65  5:24  Stalker  
  65  5:25  Probe  
  69  5:28  Shield Battery  
  69  5:30  Probe  
  69  5:32  Stalker  
  69  5:33  Probe  
  73  5:38  Probe  
  73  5:41  Probe  
  73  5:42  Protoss Ground Weapons Level 1, Probe  
  75  5:45  Robotics Bay  
  75  5:48  Stalker  
  75  5:49  Probe  
  78  5:50  Probe  
  78  5:52  Photon Cannon  
  78  5:54  Probe  
  81  5:59  Pylon  
  81  6:04  Pylon, Observer, Zealot  
  82  6:05  Phoenix, Probe  
  82  6:10  Gateway  
  82  6:11  Gateway  
  85  6:13  Gateway  
  85  6:20  Gateway  
  85  6:22  Stalker, Colossus  
  85  6:24  Zealot x2  
  85  6:25  Pylon  
  91  6:26  Pylon  
  91  6:37  Zealot  
  99  6:47  Sentry  
  99  6:48  Zealot x2  
  99  6:53  Pylon  
  105  6:55  Pylon  
  105  6:58  Stalker  
  107  7:04  Nexus, Pylon  
  107  7:06  Pylon, Stalker, Phoenix  
  107  7:08  Colossus  
  109  7:11  Zealot x4  
  117  7:18  Probe  
  117  7:19  Probe  
  117  7:21  Pylon  
  117  7:22  Protoss Ground Weapons Level 2  
  125  7:28  Probe  
  126  7:30  Probe  
  126  7:32  Sentry  
  126  7:35  Extended Thermal Lance, Forge  
  129  7:37  Zealot x2  
  129  7:40  Probe, Photon Cannon  
  134  7:47  Shield Battery  
  134  7:50  Probe  
  134  7:51  Probe  
  136  7:52  Probe  
  136  7:55  Pylon  
  136  7:57  Colossus, Protoss Ground Armor Level 1  
  136  7:58  Stalker x3  
  141  8:04  Probe x2  
  143  8:08  Zealot x3  
  143  8:10  Photon Cannon  
  149  8:18  Probe x4  
  159  8:22  Zealot  
  159  8:23  Zealot  
  163  8:30  Probe x4  
  167  8:37  Gateway  
  167  8:38  Robotics Facility  
  167  8:40  Pylon  
  167  8:46  Warp Prism  
  167  8:47  Zealot x3  
  175  8:57  Zealot x2  
  175  8:59  Nexus  
  175  9:01  Pylon  
  179  9:03  Photon Cannon  
  179  9:05  Gravitic Drive  
  179  9:06  Photon Cannon  
  179  9:16  Disruptor x2, Probe x3  
  182  9:18  Probe  
  182  9:19  Assimilator  
  182  9:22  Dark Shrine, Assimilator  
  191  9:37  Probe x2  
  193  9:42  Protoss Ground Weapons Level 3  
  193  9:49  Gateway  
  193  9:50  Gateway  
  193  9:51  Protoss Ground Armor Level 2  
  193  9:57  Nexus  
  193  9:59  Pylon  
  193  10:06  Zealot  
  193  10:24  Zealot x7  
  193  10:27  Nexus  
  195  10:30  Pylon  
  191  10:35  Shadow Stride  
  191  10:36  Warp Prism  
  183  10:59  Gateway  
  183  11:01  Gateway  
  183  11:02  Gateway  
  183  11:03  Probe x4, Photon Cannon, Gateway  
  183  11:04  Probe  
  188  11:07  Photon Cannon  
  188  11:08  Photon Cannon  
  188  11:14  Stalker x5, Zealot x2  
  193  11:34  Colossus x2  
  190  11:45  Stalker x4, Zealot x2  
  190  11:46  Zealot x2  
  196  11:51  Zealot x3  
  196  11:59  Protoss Ground Armor Level 3  
  196  12:00  Probe  
  197  12:04  Protoss Shields Level 1  
  195  12:12  Probe  
  195  12:13  Zealot x4  
  192  12:20  Robotics Facility  
  184  12:39  Nexus, Dark Templar  
  184  12:41  Zealot x7  
  184  12:42  Pylon  
  200  12:45  Gateway  
  200  12:47  Gateway  
  200  12:48  Gateway  
  200  12:52  Gateway  
  200  12:59  Stargate  
  200  13:03  Nexus, Protoss Air Weapons Level 1  
  200  13:04  Pylon  
  200  13:05  Nexus  
  186  13:07  Zealot x5  
  186  13:08  Zealot x4  
  200  13:15  Pylon  
  182  13:20  Zealot x6, Colossus x2  
  169  13:27  Zealot x2  
  169  13:28  Zealot x7  
  181  13:34  Probe x2  
  181  13:35  Probe  
  184  13:44  Stalker x4, Zealot x2  
  184  13:46  Sentry, Zealot x2  
  194  13:50  Zealot x3  
  200  14:06  Stalker  
  200  14:07  Stalker x3, Zealot x2  
  200  14:08  Zealot  
  200  14:13  Zealot  
  200  14:14  Zealot x2  
  198  14:23  Zealot x2  
  192  14:32  Photon Cannon  
  192  14:34  Zealot x2  
  192  14:35  Zealot x2, Photon Cannon  
  192  14:36  Shield Battery  
  200  14:38  Templar Archives  
  200  14:45  Stalker  
  200  14:48  Zealot  
  200  14:55  Assimilator  
  200  14:56  Assimilator  
  200  14:57  Dark Templar  
  178  15:15  Stalker x6  
  178  15:16  Zealot x8  
  178  15:19  Zealot x2  
  188  15:38  Stalker x3  
  188  15:39  Stalker x6, Nexus  
  188  15:40  Pylon, Zealot x3  
  194  15:46  Zealot x6  
  194  15:48  Zealot  
  188  15:55  Pylon  
  196  16:02  Assimilator  
  196  16:04  Assimilator  
  196  16:08  Zealot x6  
  196  16:09  Zealot x2  
  190  16:13  Zealot x9  
Show
View Real Time Build Order
Export as new Build Order

HeroMarine Terran 

Build Orders:  

Get SALT Encoding   

  12  0:00  SCV  
  13  0:12  SCV  
  14  0:16  Supply Depot  
  14  0:24  SCV  
  15  0:38  SCV  
  15  0:39  Barracks  
  16  0:42  Refinery  
  16  0:50  SCV  
  17  1:02  SCV  
  18  1:14  SCV  
  19  1:25  Marine  
  19  1:26  Orbital Command  
  20  1:41  Command Center  
  20  1:44  Barracks Reactor  
  20  1:49  Supply Depot  
  20  1:53  SCV  
  21  2:05  SCV  
  21  2:07  Factory  
  22  2:18  SCV  
  22  2:19  Refinery  
  22  2:20  Marine x2  
  25  2:30  SCV  
  26  2:38  Marine x2  
  26  2:42  SCV  
  29  2:51  Factory Tech Lab  
  29  2:53  Starport  
  29  2:54  Orbital Command, SCV  
  29  2:55  Marine  
  29  2:56  Marine  
  32  3:06  SCV  
  32  3:10  Cyclone  
  36  3:15  Marine  
  36  3:16  Marine  
  36  3:18  SCV  
  39  3:22  SCV  
  40  3:30  Supply Depot  
  40  3:32  Medivac, SCV  
  43  3:34  SCV, Marine  
  43  3:36  Marine  
  46  3:52  SCV x2, Siege Tank, Marine  
  46  3:54  Marine, Supply Depot  
  53  3:58  Refinery  
  53  4:04  SCV  
  54  4:10  Starport Tech Lab  
  54  4:12  Supply Depot  
  54  4:15  Marine x2  
  54  4:16  SCV x2  
  58  4:24  Siege Tank  
  61  4:28  SCV  
  62  4:33  Marine x2  
  62  4:34  SCV  
  63  4:40  SCV  
  58  4:46  SCV  
  58  4:51  Banshee, Marine x2  
  58  4:52  Cloaking Field, SCV  
  57  4:57  Siege Tank, Bunker  
  57  4:58  SCV, Barracks  
  61  5:04  SCV  
  61  5:09  Marine x2  
  61  5:10  SCV  
  63  5:16  SCV  
  63  5:17  Supply Depot  
  63  5:21  Barracks  
  64  5:22  SCV  
  66  5:28  SCV  
  66  5:29  Siege Tank  
  66  5:30  Engineering Bay  
  70  5:39  Banshee, SCV  
  70  5:40  Refinery, SCV  
  75  5:44  Command Center  
  73  5:51  Marine x2, SCV  
  73  5:53  SCV  
  73  5:55  Terran Infantry Weapons Level 1  
  73  5:56  Supply Depot  
  78  6:03  SCV  
  78  6:05  SCV  
  78  6:06  Stimpack, Marine  
  78  6:08  Supply Depot  
  78  6:09  Factory Reactor  
  78  6:10  Marine x2  
  83  6:15  SCV  
  83  6:16  Barracks x2  
  83  6:18  SCV  
  84  6:24  Marine  
  85  6:26  Combat Shield  
  85  6:27  SCV  
  85  6:30  Marauder, SCV  
  85  6:32  Marine x2  
  91  6:39  SCV  
  92  6:42  SCV, Marauder  
  92  6:46  Supply Depot  
  95  6:48  Supply Depot  
  95  6:51  Missile Turret  
  95  6:52  SCV  
  96  6:54  SCV  
  96  6:55  Medivac x2  
  96  6:56  Factory Reactor, Orbital Command  
  96  6:59  Marauder  
  103  7:03  Barracks Reactor, Barracks Tech Lab  
  103  7:04  Marauder, Marine  
  103  7:05  Marine  
  107  7:13  SCV x2  
  109  7:19  Marine  
  109  7:25  Marauder, SCV  
  109  7:26  SCV  
  109  7:27  Liberator x2  
  119  7:32  Marauder  
  121  7:38  Marauder, Orbital Command  
  121  7:40  Supply Depot  
  121  7:41  SCV, Supply Depot  
  121  7:42  Refinery, SCV  
  121  7:44  Refinery  
  125  7:47  Marauder  
  125  7:50  Sensor Tower  
  127  7:53  SCV  
  127  7:54  Marauder  
  127  7:55  SCV  
  131  7:59  Marauder  
  131  8:05  SCV  
  134  8:07  SCV x2  
  134  8:08  Marauder  
  134  8:12  Liberator  
  145  8:13  Liberator  
  145  8:18  Marauder  
  148  8:20  Supply Depot, Terran Infantry Armor Level 1  
  146  8:27  Missile Turret  
  146  8:30  Marine x3  
  146  8:32  Command Center  
  146  8:33  Factory Tech Lab, Marine x3  
  152  8:43  Armory  
  152  8:44  Marauder  
  152  8:45  Engineering Bay  
  152  8:48  Marine x2  
  152  8:51  Concussive Shells  
  152  8:52  Marauder x2  
  156  8:57  Marine x2  
  156  9:00  Medivac x2  
  156  9:01  Siege Tank  
  165  9:07  Starport, Missile Turret  
  165  9:09  Missile Turret  
  165  9:10  Missile Turret  
  165  9:19  Supply Depot  
  165  9:21  Marine x5, Supply Depot  
  165  9:23  Missile Turret, Supply Depot  
  170  9:30  Terran Infantry Weapons Level 2  
  167  9:34  Terran Ship Weapons Level 1  
  167  9:38  Viking x2  
  166  9:40  Siege Tank  
  171  9:46  SCV x3  
  174  9:58  SCV x3  
  174  9:59  Viking x2  
  179  10:08  Viking x2  
  179  10:11  Planetary Fortress  
  179  10:12  Siege Tank  
  179  10:14  SCV x3  
  189  10:23  Marauder  
  189  10:26  SCV  
  186  10:29  Medivac x2  
  186  10:35  Marine x2, Marauder x2  
  196  10:36  Marine x2  
  198  10:43  Marine  
  198  10:44  SCV x3, Terran Infantry Armor Level 2  
  196  10:53  Marine  
  196  10:54  Siege Tank  
  196  10:55  Marine  
  200  11:01  Missile Turret  
  200  11:03  Missile Turret x2  
  200  11:05  Starport  
  200  11:06  Refinery x2  
  200  11:08  Missile Turret, Sensor Tower  
  197  11:25  Ghost Academy  
  197  11:29  Command Center x2  
  193  11:43  Marauder  
  193  11:46  Marauder, Terran Ship Weapons Level 2  
  197  11:50  Marauder, Fusion Core  
  197  11:52  Medivac x2, Starport Reactor  
  200  12:06  Command Center x2  
  200  12:07  Sensor Tower  
  181  12:16  Missile Turret  
  181  12:19  Siege Tank  
  181  12:22  Medivac x2  
  187  12:32  Command Center  
  187  12:40  Missile Turret  
  187  12:41  Missile Turret  
  187  12:45  Caduceus Reactor, Missile Turret  
  187  12:46  Missile Turret  
  187  12:47  Missile Turret  
  187  12:49  Missile Turret  
  187  12:53  Orbital Command x2  
  187  13:01  Missile Turret  
  187  13:02  Missile Turret  
  182  13:06  Viking x2  
  166  13:21  Marauder  
  166  13:22  Marauder  
  166  13:24  Marine x2  
  166  13:25  Marine  
  145  13:29  Viking x2  
  145  13:31  Siege Tank  
  145  13:33  Ghost Academy  
  150  13:35  Terran Infantry Weapons Level 3  
  150  13:37  Terran Infantry Armor Level 3  
  150  13:41  Advanced Ballistics  
  150  13:45  Marauder x2  
  150  13:47  Marine x2  
  152  13:50  Liberator  
  152  13:52  Liberator  
  158  13:56  Orbital Command  
  158  13:59  Orbital Command  
  153  14:11  Orbital Command  
  153  14:12  Liberator x2  
  153  14:15  Siege Tank  
  144  14:19  Ghost x2  
  144  14:21  SCV  
  144  14:23  SCV  
  140  14:24  SCV x2  
  140  14:27  SCV  
  140  14:29  SCV  
  140  14:30  Orbital Command, SCV  
  145  14:35  Liberator  
  148  14:42  Liberator  
  148  14:44  SCV x2  
  153  14:47  SCV x2  
  156  14:54  Ghost  
  156  14:58  Ghost  
  159  15:07  Missile Turret  
  159  15:09  Ghost  
  145  15:23  Marauder  
  145  15:25  Liberator  
  145  15:26  Liberator x2  
  156  15:33  Medivac  
  148  15:40  Marauder  
  148  15:41  Marauder  
  129  15:48  Marauder  
  122  15:54  Marine x3  
Tags
 
Add a new tag
Caveats
  • Supply blocks, unpowered buildings, or Contaminate may cause inaccurate times.
  • Supply counts are checked every 10 seconds.